 Dungeon Crawl Stone Soup version 0.30-a0-310-g7d6cbdfea6 (webtiles) character file.

Game seed: 17762472339851037530

29 billz999 the Sneak (level 3, -1/21 HPs)
             Began as an Octopode Earth Elementalist on Oct 24, 2022.
             Killed from afar by Jessica (13 damage)
             ... with a puff of flame
             ... on level 2 of the Dungeon.
             The game lasted 00:01:20 (545 turns).

billz999 the Sneak (Octopode Earth Elementalist)     Turns: 545, Time: 00:01:21

Health: -1/21      AC:  1    Str:  7    XL:     3   Next: 16%
Magic:  6/6        EV: 13    Int: 19    God:
Gold:   42         SH:  0    Dex: 12    Spells: 5/6 levels left

rFire   . . .      SeeInvis .    f - +0 dagger
rCold   . . .      Faith    .    (no shield)
rNeg    . . .      Spirit   .    (helmet restricted)
rPois   .          Reflect  .    (no amulet)
rElec   .          Harm     .    (no ring)
rCorr   .          Rampage  .    (no ring)
Will    .....                    (no ring)
Stlth   ++++......               (no ring)
HPRegen 0.23/turn                (no ring)
MPRegen 0.10/turn                (no ring)
                                 (no ring)
                                 (no ring)

@: no status effects
A: almost no armour, amphibious, 8 rings, camouflage 1, gelatinous body 1,
(nimble swimmer 1), tentacles
a: no special abilities


You were on level 2 of the Dungeon.
You visited 1 branch of the dungeon, and saw 2 of its levels.

You collected 42 gold pieces.

Inventory:

Hand Weapons
 f - a +0 dagger (weapon)
Missiles
 c - 3 poisoned darts
Scrolls
 b - 2 scrolls of enchant armour {unknown}
 d - 2 scrolls of identify {unknown}
 g - a scroll of blinking {unknown}
 h - a scroll of teleportation {unknown}
Potions
 a - a potion of magic
 e - a potion of mutation {unknown}


   Skills:
 - Level 2.0 Dodging
 + Level 5.0 Stealth
 - Level 2.0 Spellcasting
 - Level 1.0 Transmutations
 - Level 3.0 Earth Magic


You had 5 spell levels left.
You knew the following spells:

 Your Spells              Type           Power      Damage    Failure   Level
a - Sandblast             Erth           26%        2d8       4%          1

Your spell library contained the following spells:

 Spells                   Type           Power      Damage    Failure   Level
 Passwall                 Tmut/Erth      7%         N/A       11%         2
 Stone Arrow              Conj/Erth      14%        3d7       26%         3
 Petrify                  Tmut/Erth      9%         N/A       58%         4


Dungeon Overview and Level Annotations

Branches:
Dungeon (2/15)

Altars:

Annotations:
D:2 Jessica


Innate Abilities, Weirdness & Mutations

You cannot wear most types of armour.
You are amphibious.
You can wear up to eight rings at the same time.
Your skin changes colour to match your surroundings (Stealth+).
Your rubbery body absorbs attacks. (AC +1, EV +1)
((You are camouflaged when in or above water. (Stealth+)))
You have tentacles for arms and can constrict up to eight enemies at once.


Message History

Press: ? - help, Shift-Dir - straight line, f/p - kobold
Aim: a kobold, wielding a +0 short sword (severely wounded, 77% to hit)
The blast of sand hits the kobold!
You kill the kobold!
Unknown command.
You see here a +0 short sword.
Found a stone staircase leading up.
There is a stone staircase leading up here.
A kobold comes into view. It is wielding a +0 dagger.
Found a scroll labelled XEQUX LOPYENGI.
No target in view!
No target in view!
Found a dagger.
No target in view!
h - a scroll labelled TOSIWAIRAO
Casting: Sandblast (safe; 4% risk of failure)
Confirm with . or Enter, or press ? or * to list all spells.
Aiming: Sandblast (safe; 4% risk of failure)
Press: ? - help, Shift-Dir - straight line, f - kobold
Aim: a kobold, wielding a +0 dagger and quivering stones (wandering, hasn't noticed you, 77% to hit)
The blast of sand hits the kobold.
You kill the kobold!
Unknown command.
Jessica and a goblin come into view.
Jessica is wielding a +0 club and carrying a wand of flame (28).
The goblin shouts!
Jessica shouts!
The goblin unwields a +0 dagger.
The goblin wields a +0 sling.
The goblin shoots a sling bullet.
The sling bullet closely misses you.
There are monsters nearby!
Found a lumpy inky potion.
Found a stone staircase leading up.
The goblin shoots a sling bullet.
The sling bullet hits you.
Found a glowing dagger.
Found a stone staircase leading down.
The goblin shoots a sling bullet.
The sling bullet hits you.
Found a chain mail.
There is a stone staircase leading up here.
The goblin shoots a sling bullet.
The sling bullet barely misses you.
Jessica zaps a wand.
The puff of flame hits you!
Ouch! That really hurt!
You die...

#...#..#g#..#...#.##
..........g@.....#.##
..................#.##
...........?.......#.##
............).).....#.#
...#.##...##.#.......#.#
..#.#.##.##.#.#.......#.
..######+######........#
................@######
..####.###.##..###
........ #.. ..####.#
##) #..... .> ###### ..
..[ ###


You could see Jessica and a goblin.

Vanquished Creatures
  An adder (D:2)
  3 bats (D:1)
  3 giant cockroaches (D:1)
  2 goblins (D:2)
  A hobgoblin (D:1)
  4 kobolds
  3 ball pythons
  A frilled lizard (D:1)
18 creatures vanquished.

Notes
Turn   | Place    | Note
-------+----------+-------------------------------------------
     0 | D:1      | billz999 the Octopode Earth Elementalist began the quest
                  | for the Orb.
     0 | D:1      | Reached XP level 1. HP: 11/11 MP: 3/3
    62 | D:1      | Reached skill level 3 in Stealth
   226 | D:1      | Reached XP level 2. HP: 17/17 MP: 1/5
   273 | D:1      | Reached skill level 4 in Stealth
   364 | D:1      | You fall into a shaft and drop 1 floor!
   372 | D:2      | Reached XP level 3. HP: 21/21 MP: 4/6
   439 | D:2      | Reached skill level 5 in Stealth
   537 | D:2      | Noticed Jessica
   545 | D:2      | Killed from afar by Jessica

Illustrated notes

Levels and vault maps discovered:
D:1:      tarquinn_simple_flora_water_b, layout_basic
D:2:      wad_pebble_path, layout_basic, uniq_jessica

Skill      XL: |  1  2  3 |
---------------+----------+-----
Stealth        | 3 4 5 |  5.0
Dodging        | |  2.0
Spellcasting   | |  2.0
Transmutations | |  1.0
Earth Magic    | |  3.0

Action                   || total
-------------------------++-------
Melee: Unarmed           ||    11
       Constrict         ||     4
       Tentacles         ||     2
       Dagger            ||     3
 Cast: Sandblast         ||    19
 Stab: Sleeping          ||     6
Armor: Skin              ||     4
Dodge: Dodged            ||    15

Table legend: (Time is in decaauts)
 A = Elapsed time spent in this place.
 B = Non-inter-level travel time spent in this place.
 C = Inter-level travel time spent in this place.
 D = Time resting spent in this place.
 E = Time spent auto-exploring this place.
 F = Levels seen in this place.
 G = Mean time per level.
                   A        B        C        D        E       F      G
               +--------+--------+--------+--------+--------+-----+--------+
         Total |    553 |    533 |     20 |     39 |    376 |   2 |  276.5 |
       Dungeon |    553 |    533 |     20 |     39 |    376 |   2 |  276.5 |
               +--------+--------+--------+--------+--------+-----+--------+

Top non-repeatable levels by time:
     D:1: 369 daAuts
     D:2: 184 daAuts
